[Event "Titled Tuesday Blitz December 13 Late 2022"]
[White "Hajiyev, Kanan"]
[Black "Khandelwal, Ankush"]
[WhiteFideId "13404148"]
[BlackFideId "413470"]
[WhiteElo "2118"]
[BlackElo "2271"]
[Result "1-0"]
[Round "11"]
[TimeControl "180+1"]
[Date "2022.12.14"]
[WhiteClock "0:00:31"]
[BlackClock "0:00:12"]

1. d4 Nf6 2. Nf3 g6 3. c4 Bg7 4. Nc3 d6 5. g3 O-O 6. Bg2 Nc6 7. O-O e5 8. b3 exd4 9. Nxd4 Nxd4 10. Qxd4 d5 11. cxd5 Nxd5 12. Qxd5 Bxc3 13. Bh6 Qxd5 14. Bxd5 Bxa1 15. Bxf8 Kxf8 16. Rxa1 c6 17. Bc4 a5 18. Rd1 Ke7 19. Rd4 a4 20. Re4+ Kf8 21. Rf4 f5 22. b4 b5 23. Bd3 a3 24. g4 g5 25. Rd4 fxg4 26. Rd8+ Ke7 27. Rh8 h5 28. Bf5 Bb7 29. Rh7+ Kf6 30. e4 Rb8 31. Rxh5 c5 32. bxc5 b4 33. Rh6+ Ke5 34. Rb6 Kd4 35. c6 Kc5 36. Rxb7 1-0


[Site "https://www.chess.com"]

[Event "Titled Tuesday Blitz December 13 Late 2022"]
[White "Han, Yichen"]
[Black "Janaszak, Dawid"]
[WhiteFideId "1054430"]
[BlackFideId "1119206"]
[WhiteElo "2323"]
[BlackElo "2220"]
[Result "1-0"]
[Round "11"]
[TimeControl "180+1"]
[Date "2022.12.13"]
[WhiteClock "0:00:05"]
[BlackClock "0:00:06"]

1. d4 d5 2. c4 e6 3. Nc3 c5 4. cxd5 cxd4 5. Qa4+ Bd7 6. Qxd4 exd5 7. Qxd5 Nf6 8. Qb3 Bc5 9. Nf3 O-O 10. Bg5 h6 11. Bxf6 Qxf6 12. Ne4 Qf5 13. Nxc5 Qxc5 14. e3 Nc6 15. Be2 Be6 16. Qb5 Qc2 17. Bd3 a6 18. Bxc2 axb5 19. O-O Rxa2 20. Rxa2 Bxa2 21. b3 Nb4 22. Bd1 Nc6 23. h4 Ra8 24. Re1 Ra3 25. Nd2 Na5 26. b4 Nc6 27. Bf3 Rd3 28. Ne4 Nxb4 29. Nc5 Rd2 30. Bxb7 Nc2 31. Rc1 Na3 32. Ne4 Rc2 33. Rd1 b4 34. Rd8+ Kh7 35. Ng3 Rc1+ 36. Kh2 b3 37. Be4+ g6 38. h5 b2 39. hxg6+ fxg6 40. Rd7+ Kg8 41. Bxg6 b1=Q 42. Bxb1 Bxb1 43. Nh5 Rc6 44. Nf4 Nc4 45. Ra7 Ne5 46. Rb7 Be4 47. f3 Bf5 48. Rb8+ Rc8 49. Rb5 Re8 50. Nh5 Bd7 51. Nf6+ Kf7 52. Nxe8 Bxb5 53. Nd6+ Ke6 54. Nxb5 h5 55. Nd4+ Kd5 56. Kg3 Ng6 57. Nf5 Ke5 58. Nh4 Kf6 59. Nxg6 1-0


[Site "https://www.chess.com"]

[Event "Titled Tuesday Blitz December 13 Late 2022"]
[White "Harshavardhan G B"]
[Black "Reprintsev, Alexander"]
[WhiteFideId "25059009"]
[BlackFideId "14100541"]
[WhiteElo "2323"]
[BlackElo "2230"]
[Result "1-0"]
[Round "11"]
[TimeControl "180+1"]
[Date "2022.12.14"]
[WhiteClock "0:01:03"]
[BlackClock "0:00:25"]

1. d4 d5 2. c4 e5 3. dxe5 d4 4. Nf3 Nc6 5. Nbd2 a5 6. Nb3 Bg4 7. Nbxd4 Bc5 8. e3 Nxd4 9. exd4 Bxf3 10. Qxf3 Bb4+ 11. Bd2 Qxd4 12. Bxb4 Qxe5+ 13. Be2 axb4 14. Qxb7 Rd8 15. O-O Ne7 16. Qxb4 O-O 17. Bf3 Rb8 18. Qc3 Qxc3 19. bxc3 Nf5 20. a4 Nd6 21. c5 Nc4 22. a5 Nd2 23. a6 Nxf3+ 24. gxf3 Ra8 25. a7 Rfd8 26. Rfb1 Kf8 27. Rb7 Rdc8 28. Rab1 Ke7 29. Rb8 Kd7 30. c6+ Kd8 31. f4 f5 32. h4 g6 33. Kg2 1-0


[Site "https://www.chess.com"]

[Event "Titled Tuesday Blitz December 13 Late 2022"]
[White "Itkis, Boris"]
[Black "Kanyamarala, Trisha"]
[WhiteFideId "1209167"]
[BlackFideId "45004722"]
[WhiteElo "2216"]
[BlackElo "2135"]
[Result "0-1"]
[Round "11"]
[TimeControl "180+1"]
[Date "2022.12.14"]
[WhiteClock "0:01:21"]
[BlackClock "0:00:16"]

1. c4 e5 2. Nf3 d6 3. Nc3 Nf6 4. d4 exd4 5. Nxd4 Be7 6. Bg5 O-O 7. g3 Nbd7 8. Bg2 Ne5 9. b3 h6 10. Bf4 Ng6 11. Bc1 Rb8 12. O-O Bd7 13. Bb2 Qc8 14. Re1 Bh3 15. Bh1 a6 16. a4 Rd8 17. e4 c6 18. a5 Bg4 19. Qc2 Ne5 20. f3 c5 21. fxg4 cxd4 22. Nd5 Nxd5 23. exd5 Qxg4 24. Re4 Qg6 25. Bxd4 Bf6 26. Qe2 h5 27. c5 h4 28. cxd6 Nd7 29. Bxf6 Qxf6 30. Rf1 Qxd6 31. Rxh4 Nf6 32. Qf2 Re8 33. Rb4 Qxb4 0-1


[Site "https://www.chess.com"]

[Event "Titled Tuesday Blitz December 13 Late 2022"]
[White "Jimenez Almeida, Luis David"]
[Black "Young, Ryan"]
[WhiteFideId "22242244"]
[BlackFideId "2049945"]
[WhiteElo "2158"]
[BlackElo "2330"]
[Result "1-0"]
[Round "11"]
[TimeControl "180+1"]
[Date "2022.12.14"]
[WhiteClock "0:01:53"]
[BlackClock "0:00:43"]

1. e4 e5 2. Nf3 Nc6 3. Bb5 a6 4. Ba4 Nf6 5. O-O Be7 6. d3 b5 7. Bb3 d6 8. Re1 O-O 9. c3 Nb8 10. a4 Bb7 11. Nbd2 Nbd7 12. Bc2 c5 13. Nf1 g6 14. Bh6 Re8 15. h3 Bf8 16. Bg5 Qc7 17. Ne3 d5 18. Ng4 Nxg4 19. hxg4 d4 20. Qd2 Bg7 21. Kh2 f6 22. Bh6 g5 23. Bxg7 Kxg7 24. Ng1 Nf8 25. Ne2 Ng6 26. Ng3 Qd6 27. Nf5+ 1-0


[Site "https://www.chess.com"]

[Event "Titled Tuesday Blitz December 13 Late 2022"]
[White "Jobava, Baadur"]
[Black "O`Gorman, Tom"]
[WhiteFideId "13601520"]
[BlackFideId "2508249"]
[WhiteElo "2582"]
[BlackElo "2271"]
[Result "1-0"]
[Round "11"]
[TimeControl "180+1"]
[Date "2022.12.13"]
[WhiteClock "0:02:34"]
[BlackClock "0:02:24"]

1. b3 d5 2. Bb2 Nf6 3. d3 e6 4. Nd2 c5 5. g3 Nc6 6. Bg2 Be7 7. e4 O-O 8. Ne2 b6 9. O-O Bb7 10. h3 Rc8 11. f4 dxe4 12. dxe4 e5 13. fxe5 Nd7 14. Nf3 Qc7 15. e6 fxe6 16. Nf4 Rxf4 17. gxf4 Qxf4 18. Qxd7 1-0


[Site "https://www.chess.com"]

[Event "Titled Tuesday Blitz December 13 Late 2022"]
[White "Joubert, Dantelle"]
[Black "Stanisz, Patryk"]
[WhiteFideId "14310813"]
[BlackFideId "1123106"]
[WhiteElo "1507"]
[BlackElo "2069"]
[Result "0-1"]
[Round "11"]
[TimeControl "180+1"]
[Date "2022.12.14"]
[WhiteClock "0:00:02"]
[BlackClock "0:00:03"]

1. d4 d5 2. c4 c6 3. Nc3 Nf6 4. Nf3 e6 5. e3 Nbd7 6. a4 Bd6 7. Be2 Qe7 8. O-O O-O 9. Qc2 b6 10. e4 dxe4 11. Nxe4 Nxe4 12. Qxe4 Bb7 13. Ng5 Nf6 14. Qh4 h6 15. Nf3 c5 16. Be3 Rac8 17. b3 Ne4 18. Qxe7 Bxe7 19. Rac1 Rfd8 20. Rfd1 cxd4 21. Nxd4 Bf6 22. f3 Nc5 23. Rb1 h5 24. Kf2 g6 25. Nb5 a6 26. Nd4 Rc7 27. Nc2 Rcd7 28. Rxd7 Rxd7 29. a5 Nd3+ 30. Bxd3 Rxd3 31. Bxb6 Rd2+ 32. Ke3 Rxc2 33. b4 Rxc4 34. b5 axb5 35. Rxb5 Ba6 36. Rb1 Kg7 37. Ba7 Rc2 38. Rb6 Re2+ 39. Kf4 g5+ 40. Kg3 h4+ 41. Kh3 Bd3 0-1


[Site "https://www.chess.com"]

[Event "Titled Tuesday Blitz December 13 Late 2022"]
[White "Kanyamarala, Tarun"]
[Black "Santos Flores, Alberto"]
[WhiteFideId "45004714"]
[BlackFideId "3601234"]
[WhiteElo "2305"]
[BlackElo "2235"]
[Result "1-0"]
[Round "11"]
[TimeControl "180+1"]
[Date "2022.12.14"]
[WhiteClock "0:00:57"]
[BlackClock "0:00:07"]

1. d4 d5 2. Nf3 Nf6 3. Bf4 c5 4. e3 Nc6 5. Nbd2 Qb6 6. dxc5 Qxc5 7. a3 Bf5 8. c4 e6 9. b4 Qb6 10. c5 Qd8 11. Bb5 Rc8 12. Nd4 Bg6 13. Qa4 e5 14. Bxe5 Qd7 15. Bxf6 gxf6 16. N2f3 Bg7 17. Qd1 O-O 18. O-O a6 19. Bd3 Ne5 20. Be2 Be4 21. Nd2 Bg6 22. Re1 Nc6 23. Nf1 Rfe8 24. Ng3 Nxd4 25. exd4 Re7 26. Bf3 Rce8 27. Rxe7 Rxe7 28. h4 Be4 29. Nh5 Bh8 30. Ra2 Qf5 31. Bxe4 Qxe4 32. g3 f5 33. Rd2 Qe1+ 34. Kg2 Qxd1 35. Rxd1 Re4 36. Nf4 Bxd4 37. Nxd5 Bb2 38. Rd2 Be5 39. Ne7+ Kf8 40. Nxf5 Ke8 41. f4 Bf6 42. Nd6+ 1-0


[Site "https://www.chess.com"]

[Event "Titled Tuesday Blitz December 13 Late 2022"]
[White "Kleiman, Jake"]
[Black "Mazurkiewicz, Michal"]
[WhiteFideId "2020041"]
[BlackFideId "1124943"]
[WhiteElo "2613"]
[BlackElo "2081"]
[Result "0-1"]
[Round "11"]
[TimeControl "180+1"]
[Date "2022.12.14"]
[WhiteClock "0:01:38"]
[BlackClock "0:01:07"]

1. b3 Nf6 2. Bb2 g6 3. e3 Bg7 4. Nf3 O-O 5. Be2 d6 6. O-O Nbd7 7. c4 e5 8. d4 e4 9. Nfd2 Re8 10. Nc3 c6 11. a4 Nf8 12. a5 a6 13. b4 h5 14. b5 Bf5 15. Qa4 Rc8 16. bxc6 bxc6 17. Rfd1 N8h7 18. c5 d5 19. Bxa6 Rb8 20. Ra2 Ng4 21. Nf1 Qh4 22. Bc1 Ng5 23. Qxc6 Nf3+ 24. gxf3 exf3 25. Qxd5 Qh3 26. Qxf3 Qxf3 27. Re2 Be4 28. Nxe4 Rxe4 29. Nd2 Qh3 30. f3 Rxe3 31. fxg4 Rxe2 32. Bxe2 Qe3+ 33. Kf1 Bxd4 34. Nf3 Qf2# 0-1


[Site "https://www.chess.com"]

[Event "Titled Tuesday Blitz December 13 Late 2022"]
[White "Korchmar, Vasiliy"]
[Black "Fernandez De La Vara, Arnaldo"]
[WhiteFideId "24131750"]
[BlackFideId "3518388"]
[WhiteElo "2370"]
[BlackElo "2387"]
[Result "0-1"]
[Round "11"]
[TimeControl "180+1"]
[Date "2022.12.13"]
[WhiteClock "0:00:05"]
[BlackClock "0:00:03"]

1. e4 c5 2. Nf3 e6 3. d4 cxd4 4. Nxd4 a6 5. Nc3 Qc7 6. Be2 Nf6 7. O-O d6 8. f4 Nbd7 9. Be3 b5 10. a3 Bb7 11. Bf3 Nc5 12. e5 dxe5 13. fxe5 Qxe5 14. Bf4 Bxf3 15. Rxf3 Qh5 16. b4 Rd8 17. bxc5 Bxc5 18. Rd3 Rxd4 19. Rxd4 e5 20. Bxe5 Qxe5 21. Ne2 O-O 22. Kh1 Bxd4 23. Nxd4 Rc8 24. Qg1 h6 25. a4 b4 26. Re1 Qc5 27. Qf2 Rd8 28. Rd1 Ne4 29. Qe3 Nc3 30. Rd3 Nxa4 31. Qf4 Nb2 32. Rd2 Nc4 33. Rd3 Qe5 34. Qh4 g5 35. Qf2 Nb2 36. Rd2 Nc4 37. Rd3 Qf4 38. Qg1 Ne5 39. Rd1 Ng4 0-1


[Site "https://www.chess.com"]

[Event "Titled Tuesday Blitz December 13 Late 2022"]
[White "Kovacevic, Radmila"]
[Black "Donskov, Anatoly"]
[WhiteFideId "933171"]
[BlackFideId "24143413"]
[WhiteElo "2244"]
[BlackElo "2219"]
[Result "0-1"]
[Round "11"]
[TimeControl "180+1"]
[Date "2022.12.14"]
[WhiteClock "0:00:05"]
[BlackClock "0:00:16"]

1. e4 c5 2. Be2 Nc6 3. f4 g5 4. fxg5 h6 5. g6 fxg6 6. Bh5 Ne5 7. Nf3 gxh5 8. Nxe5 Nf6 9. O-O d6 10. Rxf6 dxe5 11. Qxh5+ Kd7 12. Rf3 Kc6 13. Rd3 Qc7 14. Qe8+ Kb6 15. Nc3 Qc6 16. Nd5+ Ka6 17. Ra3+ Kb5 18. Nc7+ Kb6 19. Nxa8+ Kb5 20. Rb3+ Ka6 21. Qf7 b5 22. a4 b4 23. Qf1+ Kb7 24. c3 Be6 25. c4 Bg7 26. Re3 Rxa8 27. d3 Rf8 28. Qe1 a5 29. Bd2 Qd6 30. h3 Qd4 31. Kh2 Bf6 32. Rb1 Bg5 33. Rg3 Bf4 34. Bxf4 exf4 35. Rf3 Bd7 36. Qf2 e5 37. Qxd4 cxd4 38. c5 Bxa4 39. c6+ Kxc6 40. Rc1+ Kb7 41. Rc5 Kb6 42. Rxe5 Bc6 43. Rf5 Rxf5 44. exf5 Bxf3 45. gxf3 Kc5 46. h4 a4 47. Kh3 a3 48. f6 Kd6 49. bxa3 bxa3 50. Kg4 a2 51. Kf5 a1=Q 52. Kg6 Qa8 53. Kg7 Ke6 54. h5 Qe8 55. Kxh6 Kxf6 56. Kh7 Qf7+ 57. Kh6 Qg7# 0-1


[Site "https://www.chess.com"]

[Event "Titled Tuesday Blitz December 13 Late 2022"]
[White "Liu, Kelsey"]
[Black "Kujawski, Adam"]
[WhiteFideId "30944481"]
[BlackFideId "1100920"]
[WhiteElo "2298"]
[BlackElo "2054"]
[Result "1-0"]
[Round "11"]
[TimeControl "180+1"]
[Date "2022.12.14"]
[WhiteClock "0:01:38"]
[BlackClock "0:00:10"]

1. e4 e5 2. Nf3 Nc6 3. Bb5 a6 4. Ba4 Nf6 5. Qe2 b5 6. Bb3 Bc5 7. d3 h6 8. c3 O-O 9. O-O Re8 10. Be3 Bxe3 11. fxe3 d6 12. Bd5 Nxd5 13. exd5 Ne7 14. e4 Ng6 15. g3 Bh3 16. Rf2 f5 17. Nbd2 f4 18. Nf1 Rf8 19. Kh1 Qd7 20. Nh4 Nxh4 21. gxh4 f3 22. Rxf3 Rxf3 23. Qxf3 Rf8 24. Qe2 Rf4 25. Ne3 Qf7 26. Kg1 Qg6+ 27. Kh1 Qf6 28. Rg1 Rf2 29. Qd1 Qf4 30. Rg3 h5 31. Kg1 Rxb2 32. Qxh5 Rb1+ 33. Nd1 Rxd1+ 34. Qxd1 Kf7 35. Rf3 1-0


[Site "https://www.chess.com"]

[Event "Titled Tuesday Blitz December 13 Late 2022"]
[White "Marchesich, Giovanni"]
[Black "Mieles Palau, Daniel"]
[WhiteFideId "2824790"]
[BlackFideId "3600467"]
[WhiteElo "2200"]
[BlackElo "2344"]
[Result "0-1"]
[Round "11"]
[TimeControl "180+1"]
[Date "2022.12.14"]
[WhiteClock "0:00:07"]
[BlackClock "0:01:37"]

1. e4 c5 2. Nf3 Nc6 3. Nc3 g6 4. d4 cxd4 5. Nxd4 Bg7 6. Nb3 a5 7. a4 d6 8. Be3 Be6 9. Qd2 Nf6 10. f3 O-O 11. O-O-O Nb4 12. Kb1 Rc8 13. Be2 Nd7 14. Bh6 Qb6 15. Bxg7 Kxg7 16. Nd4 Ne5 17. Nxe6+ fxe6 18. h4 h5 19. g4 Nxf3 20. Bxf3 Rxf3 21. gxh5 Rcxc3 22. Rhg1 Rxc2 23. Rxg6+ Kf7 24. Rg7+ Kxg7 25. Qg5+ Kf8 26. Qh6+ Ke8 27. Qh8+ Kd7 28. Rg1 Qxg1# 0-1


[Site "https://www.chess.com"]

[Event "Titled Tuesday Blitz December 13 Late 2022"]
[White "Marcolino, Daniel Mattos"]
[Black "Romero Ruscalleda, Josep"]
[WhiteFideId "2106841"]
[BlackFideId "2231859"]
[WhiteElo "2146"]
[BlackElo "2183"]
[Result "0-1"]
[Round "11"]
[TimeControl "180+1"]
[Date "2022.12.14"]
[WhiteClock "0:00:04"]
[BlackClock "0:00:05"]

1. d4 g6 2. Nf3 Bg7 3. g3 d6 4. Bg2 Nc6 5. O-O Nf6 6. b3 O-O 7. Bb2 Bf5 8. c4 Qd7 9. Nbd2 Bh3 10. e4 Bxg2 11. Kxg2 Rfe8 12. d5 Nd8 13. Qc2 c6 14. e5 dxe5 15. Nxe5 Qc7 16. dxc6 Nxc6 17. Nxc6 Qxc6+ 18. f3 Rad8 19. Rad1 Ng4 20. Rfe1 Rd7 21. Nf1 Bxb2 22. Qxb2 Red8 23. Qe2 e6 24. Rxd7 Rxd7 25. Rd1 Rxd1 26. Qxd1 Ne5 27. Qd8+ Kg7 28. Qd4 f6 29. Nd2 a6 30. Kf2 b5 31. h3 bxc4 32. Nxc4 Qxf3+ 33. Ke1 Qxg3+ 34. Kd1 Qf3+ 35. Kc2 Qe2+ 36. Kb1 Qd3+ 37. Qxd3 Nxd3 38. Kc2 Nb4+ 39. Kb2 e5 40. a3 Nc6 41. b4 f5 42. Kc3 e4 43. a4 Kf6 44. b5 axb5 45. axb5 Nb8 46. Na5 Ke5 47. Kc4 Kd6 48. Kd4 g5 49. Nc4+ Ke6 50. b6 h5 51. b7 g4 52. hxg4 hxg4 53. Ne3 Nd7 54. Ng2 g3 55. Nf4+ Kf6 56. Ke3 Kg5 57. Ne6+ Kg4 58. Nc5 f4+ 59. Ke2 Nb8 60. Nxe4 f3+ 61. Kf1 Kf4 62. Nd2 Ke3 63. Nc4+ Kd4 64. Nd2 Ke3 65. Nc4+ Kf4 0-1


[Site "https://www.chess.com"]

[Event "Titled Tuesday Blitz December 13 Late 2022"]
[White "Martinez Alcantara, Jose Eduardo"]
[Black "Barria Zuniga, Daniel"]
[WhiteFideId "3805662"]
[BlackFideId "3400816"]
[WhiteElo "2707"]
[BlackElo "2414"]
[Result "1-0"]
[Round "11"]
[TimeControl "180+1"]
[Date "2022.12.13"]
[WhiteClock "0:01:29"]
[BlackClock "0:00:05"]

1. a3 g6 2. h3 Bg7 3. g3 e5 4. Bg2 Ne7 5. d3 O-O 6. c4 c6 7. Nf3 d5 8. cxd5 cxd5 9. O-O Nbc6 10. Nc3 h6 11. Bd2 Be6 12. Rc1 Qd7 13. b4 Bxh3 14. b5 Bxg2 15. Kxg2 Nd8 16. Qb3 Ne6 17. Rh1 h5 18. Ng5 Rfc8 19. Nxe6 Qxe6 20. Bg5 f6 21. Bd2 Kf7 22. Qb4 b6 23. e4 Bf8 24. Qb1 d4 25. Na2 Rxc1 26. Rxc1 Rc8 27. Nb4 Rxc1 28. Bxc1 g5 29. Qc2 h4 30. Qe2 h3+ 31. Kh2 g4 32. f3 gxf3 33. Qxf3 Ng6 34. Nd5 Kg7 35. Qh5 Qc8 36. Bh6+ Kf7 37. Qf3 Bxh6 38. Qxf6+ Kg8 39. Qxg6+ Bg7 40. Ne7+ Kf8 41. Nxc8 1-0


[Site "https://www.chess.com"]

[Event "Titled Tuesday Blitz December 13 Late 2022"]
[White "Meduri, Aakaash"]
[Black "Bryant, Todd"]
[WhiteFideId "2032252"]
[BlackFideId "2031299"]
[WhiteElo "2113"]
[BlackElo "2350"]
[Result "0-1"]
[Round "11"]
[TimeControl "180+1"]
[Date "2022.12.14"]
[WhiteClock "0:00:02"]
[BlackClock "0:00:07"]

1. d4 Nf6 2. c4 g6 3. g3 Bg7 4. Bg2 O-O 5. e4 d6 6. Ne2 c5 7. d5 e6 8. O-O exd5 9. exd5 Re8 10. Nbc3 Bf5 11. Bf4 a6 12. a4 Ne4 13. Qb3 Qd7 14. a5 Nxc3 15. Nxc3 Bd4 16. Na4 Qc7 17. Nb6 Nd7 18. Nxa8 Rxa8 19. Rfe1 Ne5 20. Bxe5 Bxe5 21. Rxe5 dxe5 22. d6 Qxd6 23. Rd1 Qc7 24. Qxb7 Rc8 25. Qxc7 Rxc7 26. Rd6 Be6 27. Rxa6 Bxc4 28. Ra8+ Kg7 29. a6 f5 30. Bb7 Kh6 31. h4 Rd7 32. Rh8 Rd1+ 33. Kg2 Ra1 34. h5 e4 35. hxg6 Kxg6 36. Ra8 Bf1+ 37. Kh2 Be2 38. a7 Bf3 39. Rg8+ Kh6 40. g4 f4 41. g5+ Kh5 0-1


[Site "https://www.chess.com"]

[Event "Titled Tuesday Blitz December 13 Late 2022"]
[White "Melikyan, Gnel"]
[Black "Ibarra Jerez, Jose Carlos"]
[WhiteFideId "54109990"]
[BlackFideId "2226332"]
[WhiteElo "2138"]
[BlackElo "2638"]
[Result "0-1"]
[Round "11"]
[TimeControl "180+1"]
[Date "2022.12.13"]
[WhiteClock "0:00:02"]
[BlackClock "0:00:35"]

1. e4 c5 2. Nf3 Nc6 3. Bb5 e6 4. O-O Nge7 5. Re1 Nd4 6. Nxd4 cxd4 7. c3 a6 8. Ba4 b5 9. Bb3 Nc6 10. a4 Rb8 11. axb5 axb5 12. d3 Bc5 13. Nd2 O-O 14. Nf3 Qb6 15. Qe2 dxc3 16. bxc3 b4 17. c4 e5 18. Be3 d6 19. Bxc5 dxc5 20. Qb2 f6 21. Ba4 Bg4 22. Bxc6 Qxc6 23. Nd2 Rfd8 24. Qb3 Qd6 25. Re3 Ra8 26. Qb2 Qc6 27. h3 Rxa1+ 28. Qxa1 Ra8 29. Qb2 Bh5 30. Nb3 Ra3 31. Rg3 Qd6 32. Kh2 Be8 33. Nc1 Qd4 34. Qe2 b3 35. Nxb3 Rxb3 36. Qa2 Rxd3 37. Qa8 Kf8 38. Rxg7 Kxg7 39. Qxe8 Qd7 0-1


[Site "https://www.chess.com"]

[Event "Titled Tuesday Blitz December 13 Late 2022"]
[White "Nakamura, Hikaru"]
[Black "Chigaev, Maksim"]
[WhiteFideId "2016192"]
[BlackFideId "4108116"]
[WhiteElo "2909"]
[BlackElo "2542"]
[Result "1-0"]
[Round "11"]
[TimeControl "180+1"]
[Date "2022.12.13"]
[WhiteClock "0:00:09"]
[BlackClock "0:00:04"]

1. c4 e5 2. a3 g6 3. b4 Bg7 4. Bb2 d6 5. g3 h5 6. h3 a5 7. b5 c6 8. Bg2 Ne7 9. Nc3 O-O 10. a4 Re8 11. e3 d5 12. bxc6 bxc6 13. cxd5 cxd5 14. Nge2 e4 15. Rb1 Nbc6 16. Nb5 Bxb2 17. Rxb2 Ne5 18. O-O Nf3+ 19. Kh1 Nc6 20. d3 exd3 21. Nf4 Nfe5 22. Nxd3 Nc4 23. Re2 h4 24. g4 Be6 25. Nf4 Nb4 26. Qd4 Rc8 27. Rd1 Qe7 28. Ree1 Red8 29. Re2 Re8 30. Qa1 Nb6 31. Nd4 Rc4 32. Ndxe6 fxe6 33. Qb1 Qf6 34. Qb3 Rec8 35. Red2 Rc1 36. Kg1 g5 37. Ne2 Rxd1+ 38. Rxd1 Rc2 39. Bf1 Nc4 40. e4 Nd2 41. Qe3 Nxe4 42. Bg2 Nd6 43. Nd4 Nc4 44. Qe1 Ra2 45. Nxe6 Nc2 46. Qe2 Nb4 47. Qe1 Nc2 48. Qf1 Nb4 49. Nc7 Nd2 50. Qe1 Ne4 51. Nxd5 Nxd5 52. Bxe4 Nf4 53. Bd5+ Nxd5 54. Rxd5 Ra1 55. Rd1 Rxd1 56. Qxd1 Qe5 57. Qb3+ Kg7 58. Qb7+ Kf6 59. Qc6+ Ke7 60. Kg2 Kf7 61. Qc4+ Kf6 62. Kf3 Kg7 63. Qe4 Qf6+ 64. Kg2 Qd8 65. Qe5+ Kh6 66. Qe6+ Kg7 67. Qe4 Kh6 68. Qb7 Kg6 69. Qb5 Kh6 70. Qc4 Qa8+ 71. Kg1 Qd8 72. Qe6+ Kg7 73. Qe5+ Kh6 74. Kh2 Kg6 75. Qf5+ Kh6 76. Qe4 Kg7 77. Kg2 Kh6 78. Qc6+ Kg7 79. Qb5 Qa8+ 80. Kf1 Qd8 81. Ke2 Kh6 82. Ke3 Qe7+ 83. Kd4 Qf6+ 84. Ke3 Qc3+ 85. Qd3 Qe1+ 86. Kf3 Qh1+ 87. Ke2 Qc6 88. Qb3 Qe8+ 89. Kd1 Qd7+ 90. Kc2 Qc7+ 91. Qc3 Qf7 92. f3 Qb7 93. Qf6+ Kh7 94. Qf5+ Kh6 95. Qf6+ Kh7 96. Qxg5 Qc6+ 97. Kd2 Qxf3 98. Qf5+ Qxf5 99. gxf5 Kg7 100. Ke3 Kf6 101. Kf4 Kf7 102. Kg5 1-0


[Site "https://www.chess.com"]

[Event "Titled Tuesday Blitz December 13 Late 2022"]
[White "Nasuta, Grzegorz"]
[Black "Mendez Fortes, Eduardo Jesus"]
[WhiteFideId "1141686"]
[BlackFideId "3502376"]
[WhiteElo "2441"]
[BlackElo "2307"]
[Result "1-0"]
[Round "11"]
[TimeControl "180+1"]
[Date "2022.12.13"]
[WhiteClock "0:00:10"]
[BlackClock "0:00:16"]

1. e4 e5 2. Nf3 Nc6 3. d4 exd4 4. Nxd4 Nf6 5. Nc3 Bb4 6. Nxc6 bxc6 7. Bd3 d5 8. exd5 cxd5 9. O-O O-O 10. h3 c6 11. Qf3 Rb8 12. Bf4 Bd6 13. b3 Qc7 14. Ne2 Nd7 15. Qg3 Bxf4 16. Nxf4 Nf6 17. Nh5 Qxg3 18. Nxf6+ gxf6 19. fxg3 Kg7 20. Rf4 Rd8 21. Raf1 Rd6 22. Ra4 Ra8 23. Ra5 Be6 24. Rf4 Rd7 25. Kf2 Rc8 26. Rc5 Rcc7 27. Ra4 Re7 28. Ra6 Bd7 29. g4 Kg8 30. Bf5 Be8 31. Raa5 Re5 32. c4 Bd7 33. cxd5 Bxf5 34. d6 Rxc5 35. Rxc5 Rd7 36. gxf5 Rxd6 37. Ke3 Kg7 38. Ra5 Rd7 39. Ra6 Kh6 40. Rxc6 Kg5 41. Rc5 h5 42. Ra5 h4 43. Kf3 Rd3+ 44. Ke2 Rd7 45. Ke3 Re7+ 46. Kd3 Rc7 47. b4 Kf4 48. a3 Kg3 49. Ra6 Kxg2 50. Rxf6 Kxh3 51. a4 Kg2 52. Rh6 h3 53. b5 h2 54. a5 h1=Q 55. Rxh1 Kxh1 56. Kd4 Rb7 57. Kc5 Re7 58. b6 axb6+ 59. axb6 Kg2 60. Kd6 Re8 61. b7 Kf3 62. f6 Kf4 63. Kd7 Rh8 64. Ke7 Kf5 65. Kxf7 Rh7+ 66. Kg8 Rxb7 67. f7 Kg6 68. f8=Q Rb6 69. Qf7+ Kh6 70. Qf4+ Kg6 71. Qe4+ Kh5 72. Qd5+ Kg6 73. Qg2+ Kh5 74. Qh2+ Kg6 75. Qg1+ Kf5 76. Qxb6 Ke5 77. Qc7+ Kd4 78. Kf8 Kd5 79. Ke7 Kd4 80. Qd6+ Ke4 81. Ke6 Kf3 82. Kd7 Ke3 83. Kc6 Ke2 84. Qd5 Ke3 85. Kc5 Ke2 86. Qb3 Kd2 87. Kd4 Kc1 88. Qa2 Kd1 89. Kd3 Ke1 90. Qe2# 1-0


[Site "https://www.chess.com"]

[Event "Titled Tuesday Blitz December 13 Late 2022"]
[White "Novikova, Galina"]
[Black "Thiel, Thomas"]
[WhiteFideId "4157095"]
[BlackFideId "4615964"]
[WhiteElo "1953"]
[BlackElo "2246"]
[Result "0-1"]
[Round "11"]
[TimeControl "180+1"]
[Date "2022.12.14"]
[WhiteClock "0:00:08"]
[BlackClock "0:00:06"]

1. e4 d5 2. exd5 Nf6 3. Nf3 Nxd5 4. d4 g6 5. c4 Nb6 6. Be3 Bg7 7. h3 O-O 8. Nc3 Nc6 9. Be2 e5 10. d5 Ne7 11. O-O Nf5 12. Bg5 f6 13. Bc1 c6 14. b3 cxd5 15. cxd5 Nd6 16. Bb2 f5 17. a4 e4 18. Nd4 f4 19. f3 e3 20. a5 Qf6 21. axb6 Qxd4 22. Na4 Qxd1 23. Rfxd1 Bf5 24. Bxg7 Kxg7 25. Rd4 g5 26. Rc1 axb6 27. Nxb6 Ra2 28. Bd3 Bxd3 29. Rxd3 Nf5 30. d6 Nh4 31. d7 Rxg2+ 32. Kf1 Rd2 33. Rxd2 exd2 34. Rd1 Nxf3 35. Ke2 Nd4+ 36. Kxd2 Ne6 37. Kc3 Nd8 38. Nc4 f3 39. Re1 f2 40. Rf1 Rf3+ 41. Kd4 Rf7 42. Ne5 Rf4+ 43. Ke3 Rb4 44. Nf3 Rxb3+ 45. Kxf2 Kf6 46. Kg3 Ke7 47. Kg4 Kxd7 48. Rd1+ Ke7 49. Nxg5 Ne6 50. Re1 Rb6 51. h4 h6 52. Nf3 Kf6 53. Rc1 Ng7 54. Rf1 Kg6 55. Kg3 Nf5+ 56. Kg2 Rb2+ 57. Kh3 Rb3 58. Kg2 Ne3+ 59. Kf2 Nxf1 60. Ne5+ Kf5 61. Nd7 Rb1 62. Nc5 Nd2 63. Nd3 Ne4+ 64. Ke3 Rb3 65. Kd4 Rxd3+ 66. Kxd3 b5 67. Kc2 Ng3 68. Kb3 Kg4 69. Kb4 Kxh4 70. Kxb5 Kg4 71. Kc4 Kf3 72. Kd3 h5 0-1


[Site "https://www.chess.com"]

[Event "Titled Tuesday Blitz December 13 Late 2022"]
[White "Omelja, Artem"]
[Black "Blanco Acevedo, Cristobal Jose"]
[WhiteFideId "14119846"]
[BlackFideId "3900525"]
[WhiteElo "2404"]
[BlackElo "2273"]
[Result "1-0"]
[Round "11"]
[TimeControl "180+1"]
[Date "2022.12.13"]
[WhiteClock "0:00:19"]
[BlackClock "0:00:12"]

1. e4 c5 2. Nf3 Nc6 3. Bb5 e6 4. O-O Nge7 5. Re1 a6 6. Bf1 Ng6 7. c3 Be7 8. d4 d6 9. Nbd2 cxd4 10. cxd4 d5 11. b3 O-O 12. Bb2 b5 13. Rc1 Bb7 14. e5 Rc8 15. Bd3 Qa5 16. Bb1 Qb6 17. g3 Rfd8 18. h4 a5 19. h5 Nf8 20. Nf1 a4 21. Qd2 axb3 22. axb3 Na5 23. Qf4 Nxb3 24. Rcd1 Na5 25. h6 Ng6 26. Bxg6 fxg6 27. hxg7 Kxg7 28. Bc1 Rxc1 29. Rxc1 Nc4 30. N1d2 Rf8 31. Qg4 Bc8 32. Re2 Bd7 33. Kg2 h5 34. Qh3 b4 35. Nb3 Ba4 36. Nfd2 Nxd2 37. Nxd2 Rf7 38. Re3 b3 39. Nxb3 Bxb3 40. Rb1 Qxd4 41. Rbxb3 Bc5 42. Rf3 Qe4 43. Qxe6 Bxf2 44. Qxf7+ Kh6 45. Qf8+ Kg5 46. Qf4+ Qxf4 47. gxf4+ Kg4 48. Rxf2 h4 49. e6 d4 50. e7 h3+ 51. Rxh3 d3 52. e8=Q d2 53. Qe6# 1-0


[Site "https://www.chess.com"]